 Dungeon Crawl Stone Soup version 0.23-a0-481-g60b89c1 (webtiles) character file.

76 galech the Skirmisher (level 4, 33/35 HPs)
             Began as a Demonspawn Fighter on Nov 29, 2018.
             Quit the game on level 3 of the Dungeon.
             The game lasted 00:01:29 (1531 turns).

galech the Skirmisher (Demonspawn Fighter)          Turns: 1531, Time: 00:01:30

Health: 33/35      AC:  6    Str: 16    XL:     4   Next: 12%
Magic:  4/4        EV:  7    Int:  9    God:
Gold:   72         SH:  9    Dex: 14    Spells: 3/3 levels left

rFire    . . .     SeeInvis .   a - +0 war axe
rCold    . . .     Gourm    .   c - +0 shield
rNeg     . . .     Faith    .   b - +0 scale mail
rPois    .         Spirit   .   (no helmet)
rElec    .         Reflect  .   (no cloak)
rCorr    .         Harm     .   (no gloves)
MR       .....                  (no boots)
Stlth    ..........             (no amulet)
HPRegen  0.11/turn              (no ring)
MPRegen  0.09/turn              (no ring)

@: no status effects
A: claws 1, talons 1
a: no special abilities


You were on level 3 of the Dungeon.
You were not hungry.

You visited 1 branch of the dungeon, and saw 3 of its levels.

You collected 72 gold pieces.

Inventory:

Hand Weapons
 a - a +0 war axe (weapon)
Armour
 b - a +0 scale mail (worn)
 c - a +0 shield (worn)
Jewellery
 i - an uncursed ring of fire {unknown}
Scrolls
 e - a scroll of enchant armour {unknown}
 h - 3 scrolls of teleportation {unknown}
 l - a scroll of remove curse {unknown}
 m - a scroll of amnesia {unknown}
Potions
 d - a potion of might
 g - 2 potions of brilliance {unknown}
 j - a potion of resistance {unknown}
 k - a potion of lignification {unknown}
 n - a potion of agility {unknown}
Comestibles
 f - 5 rations


   Skills:
 + Level 3.4 Fighting
 + Level 2.5 Axes
 + Level 3.2 Armour
 + Level 0.2 Dodging
 + Level 3.3 Shields


You had 3 spell levels left.
You didn't know any spells.
Your spell library was empty.

Dungeon Overview and Level Annotations

Branches:
Dungeon (3/15)

Altars:


Innate Abilities, Weirdness & Mutations

You have sharp fingernails.
You have sharp toenails.


Message History

Found a stone staircase leading down and a stone staircase leading up.
There is a stone staircase leading up here.
You slash the adder! Your kick misses the adder.
The adder is almost dead.
You block the adder's attack. The adder bites you.
You slash the adder!
You kill the adder!
You have reached level 4!
You feel agile.
Your demonic ancestry asserts itself...
Your fingernails lengthen.
You slash the dart slug!
You kill the dart slug!
No target in view!
No target in view!
No target in view!
No target in view!
No target in view!
No target in view!
No target in view!
Are you sure you want to abandon this character and quit the game? (Confirm

#####
##...##
##8.<.8##
###.......#
#.....8.>.#
#...@†..#
##8.<.8##
##...##
#####


There were no monsters in sight!

Vanquished Creatures
  3 adders
  A worm (D:2)
  3 dart slugs
  A giant cockroach (D:2)
  5 goblins
  5 hobgoblins
  4 jackals (D:1)
  6 kobolds
  2 ball pythons
  5 bats
  2 frilled lizards
  3 rats
40 creatures vanquished.

Notes
Turn   | Place    | Note
-------+----------+-------------------------------------------
     0 | D:1      | galech the Demonspawn Fighter began the quest for the Orb.
     0 | D:1      | Reached XP level 1. HP: 18/18 MP: 1/1
    31 | D:1      | Gained mutation: You have sharp toenails. [demonic
                  | ancestry]
    31 | D:1      | Reached XP level 2. HP: 5/24 MP: 2/2
   605 | D:2      | Reached XP level 3. HP: 24/29 MP: 3/3
  1529 | D:3      | Gained mutation: You have sharp fingernails. [demonic
                  | ancestry]
  1529 | D:3      | Reached XP level 4. HP: 33/35 MP: 4/4
  1531 | D:3      | Quit the game

Vault maps used:
D:1:      minmay_arrival_cross
D:2:      first_ration, minmay_pentomino_u2
D:3:      corexii_shack_village, lemuel_doored_altar, ebering_ghost_rock_garden,
          minmay_misc_feat_hallway, minmay_misc_feat_more_columns,
          kennysheep_another_room, minivault_14, grunt_ministairs_7

Skill      XL: |  1  2  3 |
---------------+----------+-----
Shields        | 3 |  3.3
Axes           | 2 |  2.5
Armour         | 3 |  3.2
Fighting       | |  3.4
Dodging        | |  0.2

Action                   |  1- 3 |  4- 6 || total
-------------------------+-------+-------++-------
Melee: War axe           |   112 |     1 ||   113
       Kick              |    18 |       ||    18
  Eat: Chunk             |     2 |       ||     2
Armor: Scale mail        |    67 |       ||    67
Dodge: Dodged            |    30 |       ||    30
Block: Shield            |    64 |       ||    64

Table legend:
 A = Non-vault XP
 B = Vault XP
 C = Vault XP percentage of total XP
 D = Non-vault monster count
 E = Vault monster count
 F = Vault count percentage of total count
                 A         B        C        D         E       F
            +---------+---------+-------+---------+---------+-------
      Total |      88 |      21 |  19.3 |      36 |       4 |  10.0
            +---------+---------+-------+---------+---------+-------
        D:1 |      40 |       0 |   0.0 |      23 |       0 |   0.0
        D:2 |      48 |       4 |   7.7 |      13 |       2 |  13.3
        D:3 |       0 |      17 | 100.0 |       0 |       2 | 100.0
            +---------+---------+-------+---------+---------+-------
